Introsp3ctive, lawful female human Knight ----------- ---------------- |*m![=%!*?| |..........>...| |.=!!==?*/| ##+..........)....# |+?.!%..(.| ------------ # -------.-------- |).?%!.(m@| |...........######## # |......@.?| |..........| ## # --------|-- |..........| ###### # ## |..........| # # # # |....`......#### ### # ######### ------------ # ### -.-------- ### # |........| # ## |........| ###----|----------- |........| #...............| #.........| |...............#######|........| |........<.....| ---------- |..............| ---------------- Introsp3ctive the Gallant Experience level: 2 Strength: 17 Dexterity: 8 Constitution: 10 Intelligence: 8 Wisdom: 15 Charisma: 17 Health: 0(23) Energy: 13(13) Def: 7 Gold: 229 Moves: 725 Dungeon seed: pp_2DGhZf2G2mhh4 Game ID: Introsp3ctive_1468377023 Your Inventory: Coins $ - 229 gold pieces Weapons a - an uncursed +1 long sword (weapon in hand) b - an uncursed corroded +1 lance (alternate weapon; not wielded) f - an uncursed +0 orcish dagger Armor e - an uncursed +1 ring mail (being worn) n - an uncursed +0 helmet (being worn) q - a blessed +0 small shield (being worn) r - an uncursed +0 pair of leather gloves (being worn) Comestibles c - 9 uncursed apples d - 11 uncursed carrots Scrolls i - an uncursed scroll of identify Tools j - an uncursed towel k - an uncursed leash Spells and supernatural/magical abilities: Name Level Category Fail Memory W - pray for help -- divine ? -- X - turn undead -- divine ? -- Y - supernatural jump -- ability ? -- Your skills at the end: Fighting Skills riding [Basic] Weapon Skills long sword [Basic] lance [Basic] Spellcasting Skills Final Attributes: You were piously aligned. You could jump. You are dead. Vanquished creatures: a large kobold a green mold 2 jackals a fox a kobold a goblin 2 sewer rats 2 lichens 5 newts 16 creatures vanquished. Voluntary challenges: You were an atheist. You used a wielded weapon 13 times, starting on turn 69. You were illiterate. You never genocided any monsters. You never polymorphed an object. You never changed form. You used no wishes. You never split a pudding. You never wrote Elbereth's name. You never violated your personal moral code. Dungeon overview: The Dungeons of Doom: levels 1 to 4 Level 1 a fountain a long staircase Level 2 Level 3 <- You were here a general store Level 4 History has recorded: On T:1 you entered the Dungeons of Doom to retrieve the Amulet of Yendor! On T:104 you reached level 2 of The Dungeons of Doom. On T:372 you advanced to experience level 2. On T:537 you reached level 3 of The Dungeons of Doom. On T:562 you reached level 4 of The Dungeons of Doom. Score breakdown: Gold: 229 ( 8033 points) Experience: 2 levels ( 5570 points) Exploration: 4 levels ( 8.16%) ( 7500 points) Discoveries: 1 item ( 0.41%) ( 1912 points) Valuables value: (no points given unless you survive) Artifact value: 0 ( 0 points) Variety of kills: 9 monsters ( 2.36%) ( 4610 points) Turncount: 725 turns ( 0 points) Survival: died (score multiplied by 80%) Total score: 22100 Latest messages: Testificate picks up a scroll labeled DAIYEN FOOELS. Wait! That's a small mimic! You hit the small mimic! The small mimic hits! You miss the small mimic. Testificate drops a scroll labeled DAIYEN FOOELS. You hit the small mimic! You miss the small mimic. (2x) The small mimic hits! You see here a fizzy potion (150 zorkmids). You see here a milky potion (75 zorkmids). You see here a yellow potion (225 zorkmids). You bought a scroll of identify for 15 gold pieces. You bought a leash for 15 gold pieces. You bought a towel for 38 gold pieces. "Thank you for shopping in Adjama's general store!" Wait! That's a small mimic! You stop. Testificate is in the way! The small mimic hits! You die... Adjama gratefully inherits all your possessions. Final status: Fare thee well Introsp3ctive the Knight, killed by a small mimic... You died in The Dungeons of Doom on dungeon level 3 with 22100 points, and 229 pieces of gold, after 725 moves. You were level 2 with a maximum of 23 hit points when you died.